Map: King's Cove LE

Players

Hellraiser - Winner!

  • Race: Protoss Protoss
  • Spawn Location: 11:00

GhostHell

  • Race: Zerg Zerg
  • Spawn Location: 5:00

Event: 2019 WCS Summer

VOD

Have the link to the VOD?

Description

Time

  • Played on: July 12, 2019, 6:44 a.m.
  • Length: 12:53

All games in this series

Show
View Real Time Build Order
Export as new Build Order

Hellraiser Protoss - Winner!

Build Orders: 1 Gate Expand, Oracle Opening, Phoenix Opening, Archon Immortal, Mass Phoenix 

Get SALT Encoding   

  12  0:03  Probe  
  13  0:15  Probe  
  14  0:22  Pylon  
  14  0:26  Probe  
  15  0:36  Probe  
  15  0:41  Gateway  
  16  0:44  Probe  
  16  0:49  Assimilator  
  17  0:56  Probe  
  18  1:08  Probe  
  19  1:22  Nexus  
  19  1:26  Probe  
  20  1:36  Cybernetics Core  
  20  1:39  Probe  
  21  1:45  Assimilator  
  21  1:51  Probe  
  22  1:58  Pylon  
  22  2:03  Probe  
  22  2:06  Adept  
  23  2:17  Probe  
  26  2:23  Stargate  
  26  2:28  Adept  
  26  2:29  Probe  
  27  2:30  Probe  
  30  2:38  Probe  
  30  2:40  Warp Gate  
  30  2:41  Probe  
  32  2:49  Probe  
  33  2:53  Probe  
  34  2:58  Adept  
  34  3:01  Probe  
  34  3:04  Phoenix  
  34  3:05  Probe  
  40  3:13  Probe  
  40  3:17  Probe  
  40  3:19  Oracle  
  42  3:24  Assimilator  
  42  3:25  Probe, Assimilator  
  46  3:41  Probe x2  
  46  3:42  Gateway  
  46  3:44  Pylon  
  44  3:53  Probe x2  
  46  3:56  Stargate  
  46  3:57  Shield Battery  
  46  3:59  Phoenix  
  46  4:05  Probe  
  46  4:06  Probe  
  50  4:11  Pylon  
  50  4:17  Probe  
  50  4:19  Probe, Phoenix  
  54  4:31  Probe  
  54  4:32  Probe  
  54  4:34  Pylon  
  54  4:35  Protoss Air Weapons Level 1  
  54  4:37  Phoenix  
  56  4:38  Zealot  
  56  4:40  Phoenix  
  62  4:52  Zealot  
  62  4:59  Phoenix  
  66  5:03  Pylon  
  68  5:07  Phoenix  
  68  5:17  Phoenix  
  68  5:19  Nexus  
  68  5:25  Pylon  
  70  5:32  Phoenix  
  70  5:34  Probe x2  
  74  5:37  Phoenix  
  74  5:38  Robotics Facility  
  74  5:46  Probe  
  74  5:48  Probe  
  78  5:54  Forge  
  78  5:58  Probe  
  78  5:59  Phoenix  
  78  6:00  Probe  
  78  6:02  Phoenix  
  82  6:10  Probe  
  82  6:11  Pylon  
  85  6:13  Shield Battery  
  85  6:18  Twilight Council  
  85  6:19  Probe  
  85  6:21  Immortal  
  85  6:25  Protoss Ground Weapons Level 1  
  86  6:29  Probe  
  86  6:31  Probe  
  92  6:33  Probe  
  91  6:41  Probe  
  91  6:44  Zealot x2  
  96  6:47  Probe, Shield Battery  
  96  6:54  Charge  
  97  6:56  Templar Archives  
  97  6:57  Assimilator  
  97  7:00  Assimilator  
  97  7:05  Zealot x2  
  97  7:07  Probe x2  
  97  7:08  Probe  
  103  7:19  Probe  
  103  7:20  Gateway x2  
  104  7:24  Immortal  
  104  7:25  Gateway  
  104  7:26  Gateway  
  104  7:43  Probe  
  103  7:44  Probe  
  103  7:45  Probe, Gateway x2  
  103  7:53  Warp Prism  
  103  7:55  Sentry, Probe  
  103  7:56  Sentry, Probe  
  103  7:58  Probe, Pylon  
  107  8:06  Psionic Storm  
  107  8:08  Probe x2  
  107  8:12  Pylon  
  109  8:16  High Templar x2  
  109  8:19  High Templar x2  
  117  8:24  Immortal  
  117  8:29  Pylon x2  
  117  8:30  Probe x2, Protoss Ground Weapons Level 2, Pylon  
  123  8:44  Nexus  
  123  8:47  High Templar x2  
  127  8:49  Shield Battery  
  127  8:52  Zealot, Archon  
  127  8:55  Immortal  
  129  9:08  Assimilator  
  133  9:12  Probe x3  
  133  9:13  Assimilator  
  136  9:18  Shield Battery  
  136  9:19  Shield Battery, High Templar x2  
  136  9:20  Zealot x2  
  136  9:24  Archon  
  144  9:28  Observer  
  144  9:34  Fleet Beacon, Pylon  
  145  9:43  Probe x2  
  145  9:44  Probe, Immortal  
  152  9:55  Probe  
  152  9:58  Stargate  
  152  9:59  Stargate  
  153  10:01  Photon Cannon  
  153  10:02  Photon Cannon  
  153  10:03  Pylon  
  153  10:07  Probe  
  154  10:18  Nexus  
  154  10:27  Zealot x6  
  166  10:32  Zealot x2  
  166  10:34  Carrier x2  
  166  10:41  Zealot x2  
  150  10:43  Immortal  
  138  10:51  High Templar x4  
  138  10:52  Probe  
  138  10:53  Probe x3  
  130  11:07  Zealot x4  
  134  11:17  Immortal  
  132  11:30  Zealot x6  
  132  11:31  Zealot x2  
  148  11:33  Carrier x2  
  134  12:05  Archon x2  
  134  12:06  Zealot x2  
  134  12:07  Zealot x6  
  144  12:15  Probe x2  
  142  12:17  Pylon  
  156  12:27  High Templar x2  
  156  12:28  High Templar x2  
  162  12:31  Sentry, Archon x2  
  162  12:32  Zealot  
  166  12:39  Assimilator  
  166  12:43  Assimilator, Pylon  
  164  12:49  Zealot x2  
Show
View Real Time Build Order
Export as new Build Order

GhostHell Zerg 

Build Orders: Hatch First 

Get SALT Encoding   

  12  0:00  Drone  
  13  0:13  Overlord  
  13  0:19  Drone  
  14  0:32  Drone  
  15  0:35  Drone  
  15  0:36  Drone  
  17  0:54  Hatchery  
  16  0:57  Drone  
  16  1:00  Drone  
  18  1:11  Extractor  
  17  1:15  Spawning Pool  
  17  1:18  Drone  
  17  1:22  Drone  
  18  1:31  Drone  
  19  1:41  Overlord  
  19  1:52  Drone  
  20  2:02  Queen  
  20  2:03  Zergling x2  
  20  2:06  Queen  
  20  2:07  Zergling x2  
  26  2:11  Metabolic Boost  
  26  2:15  Drone  
  27  2:19  Drone  
  28  2:26  Drone  
  28  2:29  Drone  
  30  2:42  Hatchery  
  30  2:44  Drone  
  30  2:47  Drone  
  31  2:51  Drone  
  31  2:53  Overlord  
  32  3:02  Queen  
  32  3:04  Zergling x2  
  32  3:05  Zergling x2  
  36  3:18  Drone  
  37  3:20  Overlord  
  37  3:21  Drone x2  
  37  3:22  Drone x2  
  41  3:28  Drone  
  37  3:43  Drone x2  
  37  3:44  Queen  
  37  3:46  Drone x4  
  45  3:56  Queen  
  45  3:57  Drone x3  
  45  4:00  Spore Crawler  
  49  4:15  Overlord x3  
  49  4:26  Spore Crawler  
  46  4:34  Drone  
  46  4:35  Drone x2  
  46  4:36  Lair  
  46  4:37  Drone x3  
  52  4:39  Drone, Extractor  
  52  4:40  Extractor  
  52  4:41  Roach Warren  
  52  4:43  Drone  
  51  4:49  Drone x3  
  51  4:50  Drone  
  55  4:56  Drone  
  55  4:57  Drone, Overlord  
  57  5:07  Evolution Chamber  
  57  5:10  Spore Crawler  
  57  5:11  Spore Crawler x2  
  57  5:12  Drone, Spore Crawler  
  53  5:16  Drone x4  
  53  5:19  Drone x2  
  58  5:28  Drone  
  59  5:29  Drone x2  
  59  5:30  Overlord  
  59  5:32  Zerg Missile Weapons Level 1  
  61  5:37  Hydralisk Den  
  61  5:39  Zergling x6  
  63  5:43  Zergling x6  
  63  5:48  Zergling x6  
  69  5:50  Zergling x2  
  69  5:51  Zergling x2  
  69  5:55  Extractor  
  70  6:00  Spore Crawler  
  70  6:02  Spore Crawler  
  68  6:06  Spore Crawler  
  68  6:08  Muscular Augments  
  68  6:09  Drone x3  
  68  6:10  Drone  
  71  6:13  Drone x3  
  71  6:14  Drone  
  71  6:15  Drone  
  74  6:27  Hydralisk  
  74  6:28  Hydralisk x3  
  74  6:31  Overlord  
  80  6:46  Overlord  
  79  6:49  Hydralisk x2  
  79  6:54  Overlord  
  82  7:03  Queen  
  82  7:04  Hydralisk  
  82  7:05  Hydralisk x2  
  82  7:06  Overlord x2  
  89  7:14  Hydralisk  
  89  7:15  Hydralisk x4  
  92  7:18  Overlord x2  
  92  7:19  Overlord  
  92  7:21  Grooved Spines  
  93  7:33  Hydralisk  
  93  7:34  Hydralisk x5  
  97  7:41  Baneling Nest  
  96  7:48  Hydralisk x4  
  97  7:55  Hydralisk x3  
  99  8:05  Drone x8  
  106  8:08  Extractor  
  106  8:11  Drone  
  106  8:14  Zerg Melee Weapons Level 1  
  106  8:20  Drone  
  106  8:21  Zergling x2  
  106  8:22  Zergling x8  
  106  8:24  Centrifical Hooks  
  112  8:29  Overseer  
  112  8:35  Extractor  
  112  8:36  Drone x2  
  112  8:37  Hydralisk x3, Drone x2  
  121  8:50  Zergling x6  
  121  8:51  Overlord  
  121  8:52  Hydralisk  
  121  8:53  Hydralisk x2  
  130  8:56  Overlord  
  130  8:58  Overlord x2  
  130  9:08  Hatchery  
  129  9:16  Baneling x3  
  129  9:20  Baneling x12  
  129  9:23  Hydralisk x3  
  134  9:33  Infestation Pit  
  134  9:37  Zergling x2  
  134  9:39  Overlord x2  
  134  9:43  Zergling x6  
  134  9:45  Hydralisk x4  
  137  9:51  Overlord x2  
  145  10:04  Baneling  
  145  10:05  Baneling x7  
  145  10:09  Hydralisk x3  
  145  10:10  Hydralisk x2  
  145  10:13  Overlord  
  145  10:14  Zergling x4  
  157  10:34  Hydralisk x4  
  157  10:35  Hydralisk  
  134  10:56  Drone x11  
  131  11:12  Zergling x14  
  137  11:32  Zergling x6  
  140  11:33  Zergling x8  
  142  11:42  Drone x3  
  142  11:54  Zergling x10  
  105  12:01  Hydralisk  
  105  12:02  Hydralisk x3  
  97  12:12  Hydralisk x4  
  97  12:23  Baneling x11  
  97  12:24  Hydralisk x4  
  97  12:28  Hydralisk  
Tags
 
Add a new tag
Caveats
  • Supply blocks, unpowered buildings, or Contaminate may cause inaccurate times.
  • Supply counts are checked every 10 seconds.